 Dungeon Crawl Stone Soup version 0.28.0-53-g5a82cb258f (webtiles) character file.

Game seed: 10275605289959456200

1226 MiltankisOP the Zephyrmancer (level 8, -2/41 HPs)
             Began as a Tengu Air Elementalist on June 14, 2022.
             Was an Initiate of Vehumet.
             Slain by Valamore's ghost (15 damage)
             ... on level 5 of the Dungeon.
             The game lasted 00:24:25 (6665 turns).

MiltankisOP the Zephyrmancer (TeAE)                 Turns: 6665, Time: 00:24:26

Health: -2/41      AC:  3    Str:  8    XL:     8   Next: 47%
Magic:  24/25      EV: 16    Int: 18    God:    Vehumet [......]
Gold:   250        SH:  0    Dex: 15    Spells: 7/17 levels left

rFire   . . .      SeeInvis .   g - +2 dagger (venom)
rCold   . . .      Faith    .   (no shield)
rNeg    . . .      Spirit   .   a - +0 robe
rPois   .          Reflect  .   (helmet restricted)
rElec   .          Harm     .   (no cloak)
rCorr   .          Rampage  .   o - +0 pair of gloves
Will    .....                   (boots unavailable)
Stlth   ++........              (no amulet)
HPRegen 0.13/turn               d - ring of magical power
MPRegen 0.19/turn               (no ring)

@: flying quickly and evasively, quick
A: beak, talons 3, nimble flight
a: Renounce Religion


You were on level 5 of the Dungeon.
You worshipped Vehumet.
Vehumet was noncommittal.
You visited 2 branches of the dungeon, and saw 6 of its levels.

You collected 250 gold pieces.

Inventory:

Hand Weapons
 g - a +2 dagger of venom (weapon)
Armour
 a - a +0 robe (worn)
 o - a +0 pair of gloves (worn)
Jewellery
 d - a ring of magical power (left hand)
Wands
 r - a wand of flame (12)
Scrolls
 h - a scroll of summoning {unknown}
 i - a scroll of immolation {unknown}
 k - 3 scrolls of amnesia
 l - a scroll of magic mapping {unknown}
 m - a scroll of enchant armour {unknown}
 n - 2 scrolls of teleportation {unknown}
 p - a scroll of acquirement {unknown}
 q - a scroll of fog {unknown}
 s - a scroll of noise {unknown}
 t - a scroll of identify
Potions
 b - a potion of might
 c - 2 potions of haste
 e - 2 potions of curing
 f - 2 potions of degeneration
 j - a potion of lignification


   Skills:
 + Level 4.9 Dodging
 - Level 2.0 Stealth
 - Level 5.0 Spellcasting
 - Level 5.0 Conjurations
 - Level 9.3 Air Magic


You had 7 spell levels left.
You knew the following spells:

 Your Spells              Type           Power      Damage    Failure   Level
a - Shock                 Conj/Air       100%       1d9       1%          1
b - Static Discharge      Conj/Air       30%        N/A       1%          2
c - Swiftness             Air            38%        N/A       1%          3
d - Airstrike             Air            19%        N/A       2%          4

Your spell library contained the following spells:

 Spells                   Type           Power      Damage    Failure   Level


Dungeon Overview and Level Annotations

Branches:
Dungeon (5/15)             Temple (1/1) D:5

Altars:
Ashenzari
Cheibriados
Dithmenos
Elyvilon
Fedhas
Gozag
Kikubaaqudgha
Makhleb
Nemelex Xobeh
Okawaru
Qazlal
Sif Muna
Trog
Vehumet
Wu Jian
Xom
Yredelemnul
Zin
The Shining One

Annotations:
D:5 Valamore's ghost, novice FoFi


Innate Abilities, Weirdness & Mutations

You have a beak for a mouth.
You have claws for feet.
Your magical nature lets you fly swiftly and evasively.


Message History

Aim: Valamore's ghost (84% to hit)
The zap hits Valamore's ghost.
Valamore's ghost is lightly damaged.
Casting: Shock (safe; 1% risk of failure)
Confirm with . or Enter, or press ? or * to list all spells.
Aiming: Shock (safe; 1% risk of failure)
Press: ? - help, Shift-Dir - straight line, f/p - Valamore's ghost
Aim: Valamore's ghost (lightly damaged, 84% to hit)
The zap hits Valamore's ghost.
Valamore's ghost is lightly damaged.
You start to feel a little slower.
There is an open door here.
You feel sluggish.
Casting: Shock (safe; 1% risk of failure)
Confirm with . or Enter, or press ? or * to list all spells.
Aiming: Shock (safe; 1% risk of failure)
Press: ? - help, Shift-Dir - straight line, f/p - Valamore's ghost
Aim: Valamore's ghost (lightly damaged, 84% to hit)
The zap hits Valamore's ghost.
Valamore's ghost is moderately damaged.
Casting: Shock (safe; 1% risk of failure)
Confirm with . or Enter, or press ? or * to list all spells.
Aiming: Shock (safe; 1% risk of failure)
Press: ? - help, Shift-Dir - straight line, p - Valamore's ghost The zap misses Valamore's ghost.
Casting: Shock (safe; 1% risk of failure)
Confirm with . or Enter, or press ? or * to list all spells.
Aiming: Shock (safe; 1% risk of failure)
Press: ? - help, Shift-Dir - straight line The zap hits Valamore's ghost!
Valamore's ghost is moderately damaged.
Valamore's ghost hits you! Valamore's ghost misses you.
Valamore's ghost misses you.
You start to feel a little faster.
Valamore's ghost screams, "Zot is a myth, the ORB is a fable, you'll soon be a tale!"
Valamore's ghost hits you!
You no longer feel sluggish.
Valamore's ghost hits you!
You die...

###
##############################.#
#...........##..@W.............#
#.#########.##.###############.#
#.#<# #..#.##.# #.# #.#.#
#..#.##.# ##'## #.#.####..#.##.#
#.... #.#..........#.#
###########.... #.#..######..#.#
#)........'.... #.#..........#.#
#.#########.... #.#.########)#.#
#.# ##'##


You could see Valamore's ghost.

Vanquished Creatures
  Grinder (D:3)
  Sigmund (D:3)
  An ice beast (D:5)
  An ogre (D:4)
  2 scorpions
  A hound (D:4)
  3 orc priests (D:5)
  A bullfrog skeleton (D:5)
  A centaur skeleton (D:5)
  A gnoll shaman (D:3)
  Jessica (D:2)
  4 iguanas
  2 orc wizards (D:5)
  5 gnolls
  2 river rats (D:4)
  7 adders
  3 worms
  9 orcs
  6 endoplasms
  5 giant cockroaches
  2 goblins
  6 hobgoblins
  2 jackals (D:2)
  2 quokkas
  4 ball pythons
  A bat (D:1)
  3 frilled lizards
  5 kobolds
  4 rats
86 creatures vanquished.

Notes
Turn   | Place    | Note
-------+----------+-------------------------------------------
     0 | D:1      | MiltankisOP the Tengu Air Elementalist began the quest for
                  | the Orb.
     0 | D:1      | Reached XP level 1. HP: 10/10 MP: 4/4
   284 | D:1      | Reached XP level 2. HP: 15/15 MP: 0/6
   844 | D:2      | Reached XP level 3. HP: 16/19 MP: 3/7
  1030 | D:2      | Reached skill level 5 in Air Magic
  1221 | D:2      | Found a white marble altar of Elyvilon.
  1449 | D:2      | Reached XP level 4. HP: 24/24 MP: 3/8
  1508 | D:2      | Noticed Jessica
  1517 | D:2      | Killed Jessica
  1784 | D:2      | Learned a level 2 spell: Static Discharge
  2084 | D:3      | Noticed Sigmund
  2116 | D:3      | Reached skill level 6 in Air Magic
  2116 | D:3      | Gained mutation: Your magical nature lets you fly swiftly
                  | and evasively. [Tengu growth]
  2116 | D:3      | Reached XP level 5. HP: 19/28 MP: 3/9
  2474 | D:3      | Reached skill level 5 in Conjurations
  2572 | D:3      | Noticed Grinder
  2606 | D:3      | Paralysed by Grinder for 7 turns
  2619 | D:3      | Killed Grinder
  2620 | D:3      | Reached skill level 8 in Air Magic
  2620 | D:3      | Reached XP level 6. HP: 23/32 MP: 1/10
  2624 | D:3      | Learned a level 3 spell: Swiftness
  3062 | D:3      | Killed Sigmund
  3063 | D:3      | Reached skill level 9 in Air Magic
  3063 | D:3      | Reached XP level 7. HP: 30/36 MP: 3/11
  3071 | D:3      | Learned a level 4 spell: Airstrike
  4005 | D:5      | Entered Level 5 of the Dungeon
  4139 | D:5      | Reached XP level 8. HP: 41/41 MP: 9/15
  4491 | D:5      | Found a staircase to the Ecumenical Temple.
  4500 | Temple   | Entered the Ecumenical Temple
  4545 | Temple   | Became a worshipper of Vehumet
  4772 | D:5      | Reached skill level 5 in Spellcasting
  6067 | D:5      | Found a runed translucent gate.
  6068 | D:5      | Found a runed translucent gate.
  6068 | D:5      | Found a runed translucent gate.
  6071 | D:5      | Noticed Valamore's ghost (novice FoFi)
  6665 | D:5      | Slain by Valamore's ghost

Illustrated notes

Levels and vault maps discovered:
D:1:      eino_arrival_druids_welcome, layout_basic
D:2:      layout_rooms, basic_altar, uniq_jessica
D:3:      layout_basic, uniq_sigmund, uniq_grinder
D:4:      layout_rooms, portal_sewer_entry_b
D:5:      layout_basic, minmay_temple_entry_ruins, gammafunk_ghost_necromancy
Temple:   dpeg_five_rooms_temple

Skill      XL: |  1  2  3  4  5  6  7  8 |
---------------+-------------------------+-----
Conjurations   | 2 3 4 5 |  5.0
Air Magic      | 5 6 8 9 |  9.3
Spellcasting   | 4 5 |  5.0
Dodging        | 4 |  4.9
Stealth        | |  2.0

Action                   |  1- 3 |  4- 6 |  7- 9 || total
-------------------------+-------+-------+-------++-------
Melee: Unarmed           |     1 |       |       ||     1
       Dagger            |       |     3 |       ||     3
       Kick              |       |     1 |       ||     1
 Cast: Shock             |    59 |    58 |    93 ||   210
       Static Discharge  |       |     1 |     3 ||     4
       Airstrike         |       |       |     8 ||     8
       Swiftness         |       |       |     3 ||     3
  Use: Scroll            |       |       |     8 ||     8
Armor: Robe              |     1 |     1 |     3 ||     5
Dodge: Dodged            |     6 |     8 |    13 ||    27
